 Dungeon Sprint DCSS version 0.29.1-1-gd02db6906a (webtiles) character file.

Game seed: 16754050657472259734

93 Arandomuser85 the Covert (level 4, 0/30 HPs)
             Began as an Octopode Brigand on Oct 3, 2022.
             Killed from afar by an oklob sapling priest (30 damage)
             ... with a splash of acid
             ... in the Dungeon (Sprint IV: "Fedhas' Mad Dash").
             The game lasted 00:00:37 (55 turns).

Arandomuser85 the Covert (Octopode Brigand)           Turns: 55, Time: 00:00:37

Health: 0/30       AC:  1    Str: 10    XL:     4   Next: 61%
Magic:  4/4        EV: 14    Int: 13    God:
Gold:   35         SH:  0    Dex: 15    Spells: 3/3 levels left

rFire   . . .      SeeInvis .   a - +2 dagger
rCold   . . .      Faith    .   (no shield)
rNeg    . . .      Spirit   .   (helmet restricted)
rPois   .          Reflect  .   j - amulet of invisibility {+Inv}
rElec   .          Harm     .   (no ring)
rCorr   .          Rampage  .   (no ring)
Will    .....      NoTele   +   (no ring)
Stlth   ++++++....              (no ring)
HPRegen 0.10/turn               (no ring)
MPRegen 0.09/turn               (no ring)
                                (no ring)
                                (no ring)

@: no status effects
A: almost no armour, amphibious, 8 rings, camouflage 1, gelatinous body 1,
(nimble swimmer 1), tentacles
a: Evoke Invisibility


You were in the Dungeon.
You visited 1 branch You collected 35 gold pieces.

Inventory:

Hand Weapons
 a - a +2 dagger (weapon)
Missiles
 b - 14 poisoned darts (quivered)
 c - 3 curare-tipped darts
Jewellery
 j - the amulet of invisibility (around mantle) {+Inv}
   (You found it in the Dungeon)

   [amulet of nothing]

   +Inv:      It lets you turn invisible.
Potions
 d - a potion of curing
 e - a potion of heal wounds
 f - a potion of haste
 g - 2 potions of magic
 h - a potion of berserk rage


   Skills:
 + Level 2.8 Fighting
 * Level 3.7 Short Blades
 + Level 2.9 Throwing
 * Level 3.2 Dodging
 + Level 10.9 Stealth


You had 3 spell levels left.
You didn't know any spells.
Your spell library was empty.

Dungeon Overview and Level Annotations

Branches:
Dungeon (1/1)

Altars:
Cheibriados
Dithmenos
Elyvilon
Gozag
Hepliaklqana
Kikubaaqudgha
Makhleb
Nemelex Xobeh
Okawaru
Qazlal
Ru
Sif Muna
Trog
Uskayaw
Vehumet
Wu Jian
Xom
Yredelemnul
Zin
The Shining One
Jiyva
Lugonu

Annotations:
D exclusion: oklob sapling


Innate Abilities, Weirdness & Mutations

You cannot wear most types of armour.
You are amphibious.
You can wear up to eight rings at the same time.
Your skin changes colour to match your surroundings (Stealth+).
Your rubbery body absorbs attacks. (AC +1, EV +1)
((You are camouflaged when in or above water. (Stealth+)))
You have tentacles for arms and can constrict up to eight enemies at once.


Message History

You see here a scorpion corpse.
b - 14 poisoned darts (gained 5)
You now have 15 gold pieces (gained 5).
You now have 25 gold pieces (gained 10).
You now have 28 gold pieces (gained 3).
You now have 35 gold pieces (gained 7).
You start putting on your amulet.
You continue putting on the amulet of invisibility {+Inv}. x5
You finish putting on the amulet of invisibility {+Inv}.
j - the amulet of invisibility (around mantle) {+Inv}
Okay, then.
You open the door.
Found ten altars.
An oklob sapling priest comes into view.
Found three altars.
Marking area around an oklob sapling priest as unsafe for travelling.
There is an open door here.
Blink to where?
Press: ? - help, Q - select action, (/) - cycle Dir - move target
Found ten altars.
As you read the scroll of blinking, it crumbles to dust.
The oklob sapling priest spits acid at you.
The splash of acid misses you.
You hit the oklob sapling priest but do no damage.
You grab the oklob sapling priest. You constrict the oklob sapling priest.
You hit the oklob sapling priest but do no damage.
The oklob sapling priest is lightly damaged.
You constrict the oklob sapling priest, but do no damage.
You hit the oklob sapling priest but do no damage.
You squeeze the oklob sapling priest.
The oklob sapling priest is lightly damaged.
You constrict the oklob sapling priest, but do no damage.
You completely miss the oklob sapling priest.
You squeeze the oklob sapling priest, but do no damage.
The oklob sapling priest is lightly damaged.
You constrict the oklob sapling priest.
The oklob sapling priest spits acid at you.
The splash of acid hits you!!
Ouch! That really hurt!
You die...

########################
....#.....#.⌠._._._._.⌠.
)...'.#...'.._._._._._..
..†.#.#†..#..._.@P_._...
########+##.._._._._._..
#._._._._._.⌠.
##############


You could see an oklob sapling priest.

Vanquished Creatures
  A scorpion (D)
  An oklob sapling (D)
  A river rat (D)
  A rat (D)
4 creatures vanquished.

Vanquished Creatures (others)
  A fungus (D)
1 creature vanquished.

Grand Total: 5 creatures vanquished

Notes
Turn   | Place    | Note
-------+----------+-------------------------------------------
     0 | D        | Arandomuser85 the Octopode Brigand began the quest for the
                  | Orb.
     0 | D        | Reached XP level 1. HP: 14/14 MP: 1/1
    11 | D        | Reached skill level 7 in Stealth
    11 | D        | Reached XP level 2. HP: 19/19 MP: 2/2
    15 | D        | Noticed an oklob sapling
    17 | D        | Killed an oklob sapling
    18 | D        | Reached skill level 9 in Stealth
    18 | D        | Reached XP level 3. HP: 25/25 MP: 3/3
    20 | D        | Noticed a scorpion
    20 | D        | Found the amulet of invisibility {+Inv}
    24 | D        | Killed a scorpion
    25 | D        | Reached skill level 10 in Stealth
    25 | D        | Reached XP level 4. HP: 30/30 MP: 4/4
    49 | D        | Found an opulent altar of Gozag.
    49 | D        | Found a hazy altar of Hepliaklqana.
    49 | D        | Found a burning altar of Makhleb.
    49 | D        | Found a sparkling altar of Nemelex Xobeh.
    49 | D        | Found a snail-covered altar of Cheibriados.
    49 | D        | Found a sacrificial altar of Ru.
    49 | D        | Found a shimmering blue altar of Sif Muna.
    49 | D        | Found a shimmering altar of Xom.
    49 | D        | Found a basalt altar of Yredelemnul.
    50 | D        | Found a viscous altar of Jiyva.
    50 | D        | Found a bloodstained altar of Trog.
    50 | D        | Found an ornate altar of the Wu Jian Council.
    50 | D        | Noticed an oklob sapling priest
    51 | D        | Found an iron altar of Okawaru.
    51 | D        | Found a stormy altar of Qazlal.
    51 | D        | Found a hide-covered altar of Uskayaw.
    51 | D        | Found an ancient bone altar of Kikubaaqudgha.
    51 | D        | Found a radiant altar of Vehumet.
    51 | D        | Found a corrupted altar of Lugonu.
    51 | D        | Found a glowing silver altar of Zin.
    51 | D        | Found a shadowy altar of Dithmenos.
    51 | D        | Found a glowing golden altar of the Shining One.
    51 | D        | Found a white marble altar of Elyvilon.
    55 | D        | Killed from afar by an oklob sapling priest

Illustrated notes

Levels and vault maps discovered:
D:        dungeon_sprint_fedhas [sprint_temple]

Skill      XL: |  1  2  3 |
---------------+----------+-----
Stealth        | 7 9 10 | 10.9
Dodging        | 2 3 |  3.2
Short Blades   | 3 |  3.7
Fighting       | |  2.8
Throwing       | |  2.9

Action                   |  1- 3 |  4- 6 || total
-------------------------+-------+-------++-------
Melee: Dagger            |     6 |     4 ||    10
       Constrict         |     2 |     1 ||     3
       Tentacles         |     1 |     2 ||     3
  Use: Scroll            |       |     1 ||     1
 Stab: Sleeping          |     3 |       ||     3
Dodge: Dodged            |     1 |     1 ||     2
